 Dungeon Crawl Stone Soup version 0.28.0-45-g0d030f2227 (webtiles) character file.

Game seed: 6881661795465619827

2584 MisterFreud the Slicer (level 9, -1/64 (74) HPs)
             Began as a Gnoll Cinder Acolyte on Apr 18, 2022.
             Was a High Priest of Ignis.
             Slain by a wight
             ... wielding a +4 spear
              (2 damage)
             ... on level 9 of the Dungeon.
             The game lasted 00:11:39 (8791 turns).

MisterFreud the Slicer (Gnoll Cinder Acolyte)       Turns: 8791, Time: 00:11:39

HP:   -1/64 (74)    AC: 11    Str: 13    XL:     9   Next: 58%
MP:   7/7           EV: 13    Int: 27    God:    Ignis [*****.]
Gold: 297           SH:  5    Dex: 14    Spells: 18/18 levels left

rFire   + . .      SeeInvis .   c - +4 short sword
rCold   + . .      Faith    .   p - +0 buckler
rNeg    . . .      Spirit   .   b - +1 robe
rPois   .          Reflect  .   t - +2 hat
rElec   .          Harm     .   (no cloak)
rCorr   +          Rampage  .   (no gloves)
Will    .....                   o - +1 pair of boots "Keerhyakk" {MP-9 Int+9}
Stlth   +++.......              (no amulet)
HPRegen 0.20/turn               j - ring "Pima" {Contam rCorr AC+4 Dex+6}
MPRegen 0.10/turn               x - ring of protection from cold

@: heavily drained
A: fangs 1, strong nose, distributed training
a: Renounce Religion, Fiery Armour, Foxfire Swarm, Rising Flame


You were on level 9 of the Dungeon.
You worshipped Ignis.
Ignis was extremely pleased with you.
You visited 1 branch of the dungeon, and saw 9 of its levels.

You collected 297 gold pieces.

Inventory:

Hand Weapons
 a - a -1 short sword of flaming
 c - a +4 short sword (weapon)
 k - a +1 dagger of flaming
 r - a +2 dagger of holy wrath
 v - a +0 whip of electrocution
Missiles
 d - 4 poisoned darts (quivered)
 A - 6 javelins
Armour
 b - a +1 robe (worn)
 o - the +1 pair of boots "Keerhyakk" (worn) {MP-9 Int+9}
   (You found it on level 3 of the Dungeon)

   Int:       It affects your intelligence (+9).
   MP:        It affects your magic capacity (-9).
 p - a +0 buckler (worn)
 q - a +0 helmet
 t - a +2 hat (worn)
Jewellery
 j - the ring "Pima" (left hand) {Contam rCorr AC+4 Dex+6}
   (You found it on level 2 of the Dungeon)

   [ring of protection]

   AC:        It affects your AC (+4).
   Dex:       It affects your dexterity (+6).
   Contam:    It causes magical contamination when unequipped.
   rCorr:     It protects you from acid and corrosion.
 u - a ring of magical power
 x - a ring of protection from cold (right hand)
Scrolls
 g - a scroll of identify
 y - a scroll of noise
 z - a scroll of magic mapping {unknown}
Potions
 e - 4 potions of haste
 f - 2 potions of heal wounds
 h - 2 potions of mutation
 i - 3 potions of curing
 m - 4 potions of lignification
 n - 2 potions of attraction
 s - a potion of ambrosia


   Skills:
 + Level 8.0 Fighting
 + Level 8.0 Short Blades
 + Level 4.4 Long Blades
 + Level 4.4 Axes
 + Level 4.4 Maces & Flails
 + Level 4.4 Polearms
 + Level 4.4 Staves
 + Level 4.4 Slings
 + Level 4.4 Bows
 + Level 4.4 Crossbows
 + Level 4.4 Throwing
 + Level 4.4 Armour
 + Level 4.4 Dodging
 + Level 4.4 Stealth
 + Level 4.4 Shields
 + Level 4.4 Unarmed Combat
 + Level 5.3 Spellcasting
 + Level 3.6 Conjurations
 + Level 3.6 Hexes
 + Level 3.6 Summonings
 + Level 3.6 Necromancy
 + Level 3.6 Translocations
 + Level 3.6 Transmutations
 + Level 6.6 Fire Magic
 + Level 3.6 Ice Magic
 + Level 3.6 Air Magic
 + Level 3.6 Earth Magic
 + Level 3.6 Poison Magic
 + Level 4.8 Invocations
 + Level 4.4 Evocations


You had 18 spell levels left.
You didn't know any spells.
Your spell library contained the following spells:

 Spells                   Type           Power      Damage    Failure   Level
 Animate Skeleton         Necr           52%        N/A       1%          1
 Pain                     Necr           100%       1d9       1%          1
 Scorch                   Fire           86%        2d9       1%          2
 Ensorcelled Hibernation  Hex/Ice        52%        N/A       3%          2
 Passwall                 Tmut/Erth      21%        N/A       3%          2
 Call Canine Familiar     Summ           26%        N/A       6%          3
 Portal Projectile        Hex/Tloc       52%        N/A       6%          3
 Swiftness                Air            26%        N/A       6%          3
 Vampiric Draining        Necr           26%        2d7       6%          3
 Leda's Liquefaction      Hex/Erth       13%        N/A       21%         4
 Summon Ice Beast         Ice/Summ       26%        N/A       21%         4
 Summon Mana Viper        Hex/Summ       26%        N/A       50%         5
 Monstrous Menagerie      Summ           13%        N/A       100%        7


Dungeon Overview and Level Annotations

Branches:
Dungeon (9/15)             Temple (0/1) D:5
   Lair: D:8-11         Orc: D:9-12

Altars:
Cheibriados
Nemelex Xobeh

Annotations:
D:4 3 runed translucent doors, protoss039's ghost, novice GrFi
D:8 Maurice


Innate Abilities, Weirdness & Mutations

You have very sharp teeth.
Your uncanny sense of smell can sniff out nearby items.
Your experience applies equally to all skills.


Message History

The wight misses you.
The wight hits you from afar with a +4 spear.
The wight closely misses you.
The wight hits you with a +2 falchion of freezing!
You feel drained. The wight freezes you. The wight misses you.
You barely miss the wight. You bite the wight.
The wight is lightly damaged.
You hit the wight but do no damage.
The wight is lightly damaged.
You block the wight's attack.
You hit the wight but do no damage.
The wight is lightly damaged.
The wight hits you with a +2 falchion of freezing!
* * * LOW HITPOINT WARNING * * *
You feel drained.
* * * LOW HITPOINT WARNING * * *
The wight freezes you.
* * * LOW HITPOINT WARNING * * *
As you read the scroll labelled FAYSTR QIJIRGHE, it crumbles to dust.
You hear a loud clanging noise!
It was a scroll of noise.
You hear a shout! x5
The wight hits you with a +2 falchion of freezing.
* * * LOW HITPOINT WARNING * * *
You feel drained.
* * * LOW HITPOINT WARNING * * *
As you read the scroll labelled BAEFFI BIOWK, it crumbles to dust.
The creatures around you are filled with an inner flame!
It was a scroll of immolation.
The wight hits you from afar with a +4 spear!
* * * LOW HITPOINT WARNING * * *
You feel drained.
* * * LOW HITPOINT WARNING * * *
The wight completely misses you. The wight barely misses you.
As you read the scroll labelled ATUPTI WAEF, it crumbles to dust.
It is a scroll of enchant weapon.
Your +3 short sword glows red for a moment.
The wight hits you from afar with a +4 spear.
You die...

.......#....#...........
.#..##...........#.....#
.)......................
..........##...#.......
#.......###..##.....
###........##..# .....
###.......z..##..# #...
###........##zz....# ..
#..........##$@.##.#
#..........##...#
#....##....##..##
#..####....##..# ###
#......##........
#........##.......#
#......####..#....#
###..### ...#..... ###
.....###.


You could see 3 wights.

Vanquished Creatures
  Pikel (D:5)
  Grinder (D:6)
  Prince Ribbit (D:6)
  Menkaure (D:6)
  A water moccasin (D:6)
  2 sky beasts (D:6)
  A black bear (D:6)
  A centaur (D:9)
  An ogre (D:4)
  2 phantoms (D:6)
  A bullfrog (D:8)
  A wyvern zombie (D:6)
  2 scorpions
  A water moccasin skeleton (D:6)
  A centaur zombie (D:3)
  A centaur skeleton (D:5)
  A hound (D:6)
  2 jellies (D:5)
  An orc priest (D:5)
  A bullfrog skeleton (D:5)
  A scorpion zombie (D:5)
  3 iguanas
  An orc wizard (D:4)
  A hound zombie (D:5)
  A hound skeleton (D:4)
  6 gnolls
  10 adders
  2 ufetubi (D:6)
  2 adder skeletons (D:4)
  A dart slug (D:1)
  A worm (D:1)
  12 orcs
  2 ball pythons (D:3)
  5 endoplasms
  4 giant cockroaches
  4 goblins
  6 hobgoblins
  9 jackals
  3 quokkas
  6 bats
  2 frilled lizards
  4 kobolds
  A quokka skeleton (D:4)
  7 rats
118 creatures vanquished.

Notes
Turn   | Place    | Note
-------+----------+-------------------------------------------
     0 | D:1      | MisterFreud the Gnoll Cinder Acolyte began the quest for
                  | the Orb.
     0 | D:1      | Reached XP level 1. HP: 23/23 MP: 4/4
   616 | D:1      | Reached XP level 2. HP: 27/29 MP: 5/5
  1237 | D:1      | Reached XP level 3. HP: 35/35 MP: 7/7
  1274 | D:2      | Found a faded altar of an unknown god.
  1284 | D:2      | You fall into a shaft and drop 1 floor!
  1387 | D:2      | Reached skill level 1 in Invocations
  1965 | D:2      | Reached skill level 1 in Long Blades
  1965 | D:2      | Reached skill level 1 in Axes
  1965 | D:2      | Reached skill level 1 in Maces & Flails
  1965 | D:2      | Reached skill level 1 in Polearms
  1965 | D:2      | Reached skill level 1 in Staves
  1965 | D:2      | Reached skill level 1 in Slings
  1965 | D:2      | Reached skill level 1 in Bows
  1965 | D:2      | Reached skill level 1 in Crossbows
  1965 | D:2      | Reached skill level 1 in Throwing
  1965 | D:2      | Reached skill level 1 in Armour
  1965 | D:2      | Reached skill level 1 in Dodging
  1965 | D:2      | Reached skill level 1 in Stealth
  1965 | D:2      | Reached skill level 1 in Shields
  1965 | D:2      | Reached skill level 1 in Unarmed Combat
  1965 | D:2      | Reached skill level 1 in Evocations
  2081 | D:2      | Identified the ring "Pima" {Contam rCorr AC+4 Dex+6}
  2227 | D:3      | Reached XP level 4. HP: 41/41 MP: 8/8
  2467 | D:3      | Reached skill level 1 in Conjurations
  2467 | D:3      | Reached skill level 1 in Hexes
  2467 | D:3      | Reached skill level 1 in Summonings
  2467 | D:3      | Reached skill level 1 in Necromancy
  2467 | D:3      | Reached skill level 1 in Translocations
  2467 | D:3      | Reached skill level 1 in Transmutations
  2467 | D:3      | Reached skill level 1 in Ice Magic
  2467 | D:3      | Reached skill level 1 in Air Magic
  2467 | D:3      | Reached skill level 1 in Earth Magic
  2467 | D:3      | Reached skill level 1 in Poison Magic
  2726 | D:3      | Reached XP level 5. HP: 44/47 MP: 9/9
  2825 | D:3      | Identified the +1 pair of boots "Keerhyakk" {MP-9 Int+9}
  3427 | D:4      | Found a runed translucent gate.
  3427 | D:4      | Found a runed translucent gate.
  3427 | D:4      | Found a runed translucent gate.
  3527 | D:4      | Noticed protoss039's ghost (novice GrFi)
  3813 | D:4      | Reached XP level 6. HP: 39/53 MP: 1/10
  5148 | D:5      | Entered Level 5 of the Dungeon
  5243 | D:5      | Reached XP level 7. HP: 17/59 MP: 3/12
  5734 | D:5      | Found a staircase to the Ecumenical Temple.
  5745 | D:5      | Noticed Pikel
  5770 | D:5      | Killed Pikel
  5771 | D:5      | Reached XP level 8. HP: 11/67 MP: 3/14
  6797 | D:6      | Noticed Prince Ribbit
  6809 | D:6      | Killed Prince Ribbit
  7038 | D:6      | Noticed Grinder
  7058 | D:6      | Paralysed by Grinder for 7 turns
  7071 | D:6      | Killed Grinder
  7072 | D:6      | Reached XP level 9. HP: 38/72 MP: 5/16
  7548 | D:6      | Found a sparkling altar of Nemelex Xobeh.
  7564 | D:6      | Reached skill level 5 in Spellcasting
  7657 | D:6      | Noticed a gargoyle
  7796 | D:6      | Noticed Menkaure
  7807 | D:6      | Killed Menkaure
  8129 | D:7      | HP: 3/74 [vampire mosquito (4)]
  8499 | D:8      | Found a snail-covered altar of Cheibriados.
  8553 | D:8      | Noticed Maurice
  8598 | D:8      | Paralysed by Maurice for 4 turns
  8790 | D:9      | HP: 3/66 [wight/+4 spear (10)]
  8790 | D:9      | HP: 1/64 [wight/+4 spear (2)]
  8791 | D:9      | Slain by a wight

Illustrated notes

Levels and vault maps discovered:
D:1:      ncdulo_smallfort, layout_loops_corners
D:2:      layout_rooms, ebering_ecumenical_altar_box, serial_park_tiny_2
D:3:      layout_basic, skrybe_limestone_x
D:4:      layout_layer_cave, gammafunk_ghost_icy
D:5:      layout_cave_pods, temple_doors_cd, st_stairs_3, uniq_pikel
D:6:      layout_basic, mainiacjoe_overflow_chevrons, uniq_grinder,
          uniq_prince_ribbit1, uniq_menkaure
D:7:      layout_basic
D:8:      layout_gridville, nicolae_overflow_crystal_walls, serial_bayou,
          serial_bayou_pond_d, serial_bayou_pond_c, serial_bayou_lagoon_b,
          serial_bayou_pond_e, the_hattery, uniq_maurice
D:9:      layout_layer_cave, serial_shops, nicolae_lakefront_shop,
          nicolae_two_hexagons

Skill      XL: |  1  2  3  4  5  6  7  8  9 |
---------------+----------------------------+-----
Invocations    | 1 2 3 4 |  4.8
Long Blades    | 1 2 3 4 |  4.4
Axes           | 1 2 3 4 |  4.4
Maces & Flails | 1 2 3 4 |  4.4
Polearms       | 1 2 3 4 |  4.4
Staves         | 1 2 3 4 |  4.4
Slings         | 1 2 3 4 |  4.4
Bows           | 1 2 3 4 |  4.4
Crossbows      | 1 2 3 4 |  4.4
Throwing       | 1 2 3 4 |  4.4
Armour         | 1 2 3 4 |  4.4
Dodging        | 1 2 3 4 |  4.4
Stealth        | 1 2 3 4 |  4.4
Shields        | 1 2 3 4 |  4.4
Unarmed Combat | 1 2 3 4 |  4.4
Evocations     | 1 2 3 4 |  4.4
Spellcasting   | 3 4 5 |  5.3
Conjurations   | 1 2 3 |  3.6
Hexes          | 1 2 3 |  3.6
Summonings     | 1 2 3 |  3.6
Necromancy     | 1 2 3 |  3.6
Translocations | 1 2 3 |  3.6
Transmutations | 1 2 3 |  3.6
Ice Magic      | 1 2 3 |  3.6
Air Magic      | 1 2 3 |  3.6
Earth Magic    | 1 2 3 |  3.6
Poison Magic   | 1 2 3 |  3.6
Fighting       | 7 8 |  8.0
Short Blades   | 7 8 |  8.0
Fire Magic     | 6 |  6.6

Action                   |  1- 3 |  4- 6 |  7- 9 || total
-------------------------+-------+-------+-------++-------
Melee: Short sword       |   148 |   183 |   223 ||   554
       Bite              |    11 |    15 |    28 ||    54
       Punch             |     1 |     5 |     7 ||    13
       Dagger            |       |       |     7 ||     7
Throw: Dart              |       |    23 |    31 ||    54
       Boomerang         |       |       |    11 ||    11
  Use: Scroll            |       |     5 |    11 ||    16
 Stab: Sleeping          |       |     3 |     2 ||     5
       Distracted        |       |       |     1 ||     1
Armor: Robe              |    31 |    65 |    54 ||   150
Dodge: Dodged            |    89 |   108 |   133 ||   330
Block: Buckler           |       |       |    12 ||    12
